 Dungeon Crawl Stone Soup version 0.19.5 (webtiles) character file.

97970 tyranidshit the Warrior (level 15, -18/136 HPs)
             Began as a Demonspawn Abyssal Knight on Mar 13, 2017.
             Was the Champion of Lugonu.
             Demolished by Donald
             ... wielding a +5 broad axe of electrocution
              (20 damage)
             ... on level 1 of the Shoals.
             The game lasted 01:49:14 (22416 turns).

tyranidshit the Warrior (DsAK)                     Turns: 22416, Time: 01:49:15

Health: -18/136    AC: 28    Str: 26    XL:     15   Next: 73%
Magic:  0/22       EV:  9    Int: 14    God:    Lugonu [******]
Gold:   1996       SH:  5    Dex: 14    Spells: 0 memorised, 14 levels left

rFire  + + .     SeeInvis +     N - +6 hand axe (vamp)
rCold  . . .     Gourm    .     r - +6 chain mail of Henotheism {*Corrode rPois rN+ SInv}
rNeg   + . .     Faith    .     j - +0 buckler
rPois  +         Spirit   +     (helmet restricted)
rElec  .         Reflect  .     E - +1 cloak
rCorr  +         Harm     .     y - +2 pair of gloves
MR     +....                    D - +0 pair of boots
Stlth  ..........               (no amulet)
                                G - ring of resist corrosion
                                A - ring of Acoing Zali {*Contam rF+ Str+9 SInv Stlth+}

@: no status effects
A: horns 2, molten scales 2, fire resistance 1, spiny 2, magic shield
a: Depart the Abyss, Bend Space, Banish, Corrupt, Enter the Abyss, Brand Weapon
With Distortion, Renounce Religion


You were on level 1 of the Shoals.
You worshipped Lugonu.
Lugonu was exalted by your worship.
You were not hungry.

You visited 6 branches of the dungeon, and saw 27 of its levels.
You visited the Abyss 1 time.

You collected 2881 gold pieces.
You spent 885 gold pieces at shops.

Inventory:

Hand Weapons
 F - a +0 broad axe of flaming
 N - a +6 vampiric hand axe (weapon)
Armour
 f - the +0 chain mail of Gompik Idim {*Corrode rElec rPois Str+7}
   (You found it on level 13 of the Dungeon)

   It affects your strength (+7).
   It insulates you from electricity.
   It protects you from poison.
   It may corrode you when you take damage.
 j - a +0 buckler (worn)
 r - the +6 chain mail of Henotheism (worn) {*Corrode rPois rN+ SInv}
   (You bought it in a shop on level 2 of the Orcish Mines)

   It protects you from poison.
   It protects you from negative energy.
   It lets you see invisible.
   It may corrode you when you take damage.
 y - a +2 pair of gloves (worn)
 z - a +3 plate armour of magic resistance
 D - a +0 pair of boots (worn)
 E - a +1 cloak (worn)
 K - the +0 scale mail of Instinct {+Fly rF+ rN+}
   (You found it on level 9 of the Dungeon)

   It protects you from fire.
   It protects you from negative energy.
   It lets you fly.
 Z - the +0 robe of Guneoz {+Blink Regen+ Int-4 Dex-4}
   (You found it on level 3 of the Lair of Beasts)

   It affects your intelligence (-4).
   It affects your dexterity (-4).
   It lets you blink.
   It increases your rate of regeneration.
Jewellery
 g - a +1 ring of protection
 A - the ring of Acoing Zali (left hand) {*Contam rF+ Str+9 SInv Stlth+}
   (You found it on level 12 of the Dungeon)

   [ring of stealth]

   It affects your strength (+9).
   It protects you from fire.
   It lets you see invisible.
   It causes magical contamination when unequipped.
   It makes you more stealthy.
 G - a ring of resist corrosion (right hand)
 Q - an uncursed ring of protection from fire
Wands
 d - a wand of confusion (26/48)
 e - a wand of slowing (18/48)
 l - a wand of digging (12/24)
 m - a wand of paralysis (0/24)
 o - a wand of disintegration (5/24)
 q - a wand of acid (0/15)
 H - a wand of lightning (8/15)
 T - a wand of enslavement (14/24)
 V - a wand of iceblast (2/15)
 W - a wand of polymorph (1/24)
Scrolls
 a - 2 scrolls of fear
 b - 14 scrolls of remove curse
 i - 4 scrolls of torment
 s - 3 scrolls of teleportation
 B - 8 scrolls of identify
 C - 7 scrolls of amnesia
 P - 4 scrolls of recharging
 R - a scroll of summoning
 Y - a scroll of fog
Potions
 h - a potion of flight
 k - a potion of cure mutation
 n - 10 potions of curing
 t - 6 potions of might
 u - 5 potions of haste
 v - 2 potions of magic
 w - 2 potions of invisibility
 x - 3 potions of resistance
 J - a potion of berserk rage
 U - 3 potions of agility
Books
 c - a book of Frost

   Spells                             Type                      Level
   a - Freeze                         Ice                          1
   b - Throw Frost                    Conjuration/Ice              2
   c - Ozocubu's Armour               Charms/Ice                   3
   d - Throw Icicle                   Conjuration/Ice              4
   e - Summon Ice Beast               Ice/Summoning                4
Miscellaneous
 M - a crystal ball of energy
Comestibles
 p - 29 fruits
 I - 6 meat rations
 L - 8 bread rations


   Skills:
 + Level 18.1 Fighting
 + Level 13.8 Axes
 - Level 10.1 Armour
 - Level 0.8 Dodging
 - Level 5.1 Shields
 - Level 10.2 Invocations
 - Level 5.1 Evocations


You had 14 spell levels left.
You didn't know any spells.

Dungeon Overview and Level Annotations

Branches:
Dungeon (15/15)            Temple (1/1) D:7            Lair (6/6) D:9
 Shoals (1/4) Lair:3       Spider (2/4) Lair:2        Slime (0/5) Lair:5
    Orc (2/2) D:12            Elf (0/3) Orc:2        Vaults (0/5) D:14
 Depths (0/5) D:15

Altars:
Ashenzari
Cheibriados
Dithmenos
Elyvilon
Fedhas
Gozag
Hepliaklqana
Kikubaaqudgha
Makhleb
Nemelex Xobeh
Okawaru
Qazlal
Ru
Sif Muna
Trog
Uskayaw
Vehumet
Xom
Yredelemnul
Zin
The Shining One
Beogh

Shops:
Orc:2 %[((

Portals:
Hell: Lair:6

Annotations:
Shoals:1 Donald


Innate Abilities, Weirdness & Mutations

You have a pair of horns on your head.
You are mostly covered in molten scales. (AC +3)
Your flesh is heat resistant. (rF+)
You are mostly covered in sharp spines.
When hurt, damage is shared between your health and your magic reserves.


Message History

You block Donald's attack.
Unknown command.
Donald blocks your attack.
You headbutt Donald, but do no damage.
Donald is heavily wounded.
Donald says, "I never knew blinking was supposed to hurt."
Donald hits you but does no damage.
You are electrocuted!
* * * LOW HITPOINT WARNING * * *
Unknown command.
Donald blocks your attack.
Donald is heavily wounded.
Donald is struck by your spines.
Donald hits you with a broad axe of electrocution!!
* * * LOW HITPOINT WARNING * * *
Unknown command.
You feel better.
Donald says, "Why would you want to visit the Abyss?
For a holiday?"
Donald hits you with a broad axe of electrocution!!
* * * LOW HITPOINT WARNING * * *
You are electrocuted!
You die...

≈≈≈≈≈≈≈ ≈....≈≈..≈≈≈...
≈≈≈≈≈≈≈ ...#......≈≈≈...
≈≈≈≈≈≈≈ ..#$.......≈.≈..
≈≈≈≈≈≈≈ ....≈≈...≈≈≈≈≈..
≈≈≈≈≈≈) ≈≈≈≈≈≈..≈≈≈≈....
≈≈≈≈≈.. .≈≈≈≈≈≈≈≈.....
≈≈≈.... ..≈≈≈≈≈≈.@.#
≈≈....≈ .≈≈≈≈≈≈.@#
#.≈....≈≈ ≈≈≈.≈≈≈.##
#.≈...... ≈≈≈.≈≈≈..##
##.≈≈....≈ ≈≈≈≈≈≈≈≈..#
##..≈≈≈≈≈.≈
..≈.≈≈≈≈..#####.....≈≈≈≈≈
≈≈≈≈≈≈≈............###≈≈≈
≈≈≈≈≈..≈≈..........# #..≈
≈≈≈≈≈≈.≈≈≈..)......###...
≈≈≈≈≈≈.≈≈≈≈.......#......


You could see Donald.

Vanquished Creatures
  Saint Roka (Orc:2)
  Agnes (Spider:1)
  A dire elephant (Lair:6)
  Snorg (Lair:3)
  The ghost of galech the Cleaver, a journeyman DDFi of Makhleb (D:11)
  A vault guard (D:14)
  4 hydras
  2 centaur warriors (D:14)
  2 tengu warriors
  A sun demon (Lair:6)
  4 skeletal warriors (D:15)
  2 unseen horrors
  2 sea snakes (Shoals:1)
  2 wizards
  4 hill giants
  2 orb spiders
  A necromancer (D:15)
  A lindwurm (Lair:6)
  An orc knight (Orc:2)
  4 deep elf magi
  6 wolf spiders
  5 ugly things
  4 manticores
  5 orc sorcerers
  7 cyclopes
  16 elephants
  A naga mage (D:15)
  A smoke demon (Lair:6)
  Maurice (Orc:1)
  8 spiny frogs
  5 black mambas
  5 orange demons (Lair:6)
  A centaur skeleton (D:15)
  A torpor snail (Lair:6)
  A gargoyle (D:14)
  7 komodo dragons
  3 rime drakes
  A freezing wraith (D:15)
  A hellwing (Lair:6)
  2 efreet
  2 kobold demonologists (D:13)
  2 ice devils (Lair:6)
  A redback zombie (D:13)
  5 demonic crawlers
  7 jumping spiders
  A wind drake (Shoals:1)
  A tengu conjurer (D:13)
  5 trolls
  6 merfolk (Shoals:1)
  4 slime creatures (Lair:5)
  2 red devils (Lair:6)
  A two-headed ogre (D:13)
  A harpy skeleton (D:14)
  3 hornets
  2 dream sheep (Shoals:1)
  9 hippogriffs
  18 blink frogs
  2 shadows
  A centaur simulacrum (D:15)
  17 redbacks (Spider:2)
  5 wyverns
  5 tarantellas
  A spriggan (D:9)
  4 wraiths
  3 water elementals
  48 yaks
  A redback simulacrum (D:15)
  4 basilisks
  3 hungry ghosts
  8 vampire mosquitoes
  2 mottled dragons
  The ghost of Felix the Digger, an amateur GrEE (D:6)
  4 porcupines
  A swamp drake (Lair:6)
  11 water moccasins
  23 orc warriors
  A hornet zombie (D:9)
  An eye of draining (D:13)
  7 ice beasts
  A black bear (D:8)
  2 phantoms (D:8)
  7 ogres
  13 centaurs
  5 wolves (Lair:3)
  12 crocodiles
  21 bullfrogs
  7 big kobolds
  A wyvern zombie (D:14)
  A gnoll sergeant (D:8)
  2 scorpions
  19 wights
  7 electric eels
  8 howler monkeys
  8 crimson imps
  2 bullfrog zombies
  6 centaur zombies
  A quasit (D:9)
  10 hounds
  24 orc priests
  6 bullfrog skeletons
  4 jellies
  28 orc wizards
  4 iguanas
  2 hell rats (Lair:1)
  9 worker ants
  3 hound skeletons
  A howler monkey skeleton (D:4)
  2 worker ant zombies
  Robin (D:3)
  15 gnolls
  4 river rats
  14 adders
  4 shadow imps
  2 adder skeletons (D:4)
  An adder zombie (D:7)
  4 dart slugs
  2 leopard geckos
  70 orcs
  2 ball pythons
  6 bats
  3 giant cockroaches
  21 goblins
  14 hobgoblins
  7 jackals
  29 kobolds
  7 quokkas
  4 frilled lizards
  A jackal zombie (D:5)
  A leopard gecko zombie (D:6)
  13 rats
  A spectral orc (D:5)
  A fungus (Lair:6)
  2 plants (Lair:6)
787 creatures vanquished.

Vanquished Creatures (others)
  5 hydras
  An orb spider (Spider:2)
  A demonic crawler (Spider:1)
  A jumping spider (Spider:2)
  3 fungi (Lair:6)
  A plant (D:13)
  7 tentacles (Shoals:1)
19 creatures vanquished.

Grand Total: 806 creatures vanquished

Notes
Turn   | Place    | Note
-------+----------+-------------------------------------------
     0 | Abyss:1  | tyranidshit the Demonspawn Abyssal Knight began the quest for the Orb.
     0 | Abyss:1  | Reached XP level 1. HP: 18/18 MP: 2/2
    42 | Abyss:2  | Found a deep blue altar of Sif Muna.
    93 | Abyss:2  | Noticed a starcursed mass
    93 | Abyss:2  | Noticed a quasit
   102 | D:1      | Escaped the Abyss
   295 | D:1      | Gained mutation: You are partially covered in molten scales. (AC +2) [demonic ancestry]
   295 | D:1      | Reached XP level 2. HP: 7/25 MP: 3/3
   397 | D:1      | You fall through a shaft!
   469 | D:2      | Reached * piety under Lugonu
   471 | D:2      | Reached skill level 4 in Fighting
   661 | D:1      | Gained mutation: You are mostly covered in molten scales. (AC +3) [demonic ancestry]
   661 | D:1      | Reached XP level 3. HP: 30/30 MP: 4/4
  1046 | D:2      | Reached skill level 5 in Fighting
  1046 | D:2      | Reached XP level 4. HP: 10/39 MP: 5/5
  1227 | D:2      | Found a hazy altar of Hepliaklqana.
  1436 | D:3      | Reached ** piety under Lugonu
  1591 | D:3      | Reached XP level 5. HP: 45/46 MP: 6/6
  1649 | D:3      | Noticed Robin
  1672 | D:3      | Killed Robin
  1672 | D:3      | Reached skill level 6 in Fighting
  1964 | D:3      | Reached *** piety under Lugonu
  2067 | D:3      | Found a glowing golden altar of the Shining One.
  2215 | D:4      | Noticed an orc warrior
  2216 | D:4      | Found a shadowy altar of Dithmenos.
  2221 | D:4      | Found a faded altar of an unknown god.
  2333 | D:4      | Killed an orc warrior
  2333 | D:4      | Reached skill level 7 in Fighting
  2333 | D:4      | Gained mutation: You have a pair of small horns on your head. [demonic ancestry]
  2333 | D:4      | Reached XP level 6. HP: 32/55 MP: 7/7
  2530 | D:4      | Found a shattered altar of Ashenzari.
  2532 | D:4      | Found a faded altar of an unknown god.
  2534 | D:4      | Found a faded altar of an unknown god.
  2577 | D:4      | Found a deep blue altar of Sif Muna.
  2660 | D:5      | Entered Level 5 of the Dungeon
  2847 | D:5      | Found a sparkling altar of Nemelex Xobeh.
  2860 | D:5      | Reached skill level 8 in Fighting
  2895 | D:5      | Gained mutation: When hurt, damage is shared between your health and your magic reserves. [demonic ancestry]
  2895 | D:5      | Reached XP level 7. HP: 42/62 MP: 8/8
  3003 | D:5      | Found a basalt altar of Yredelemnul.
  3221 | D:5      | Reached skill level 9 in Fighting
  3918 | D:6      | Found a burning altar of Makhleb.
  3929 | D:6      | Gained mutation: You are partially covered in sharp spines. [demonic ancestry]
  3929 | D:6      | Reached XP level 8. HP: 50/72 MP: 9/9
  3976 | D:6      | Reached skill level 10 in Fighting
  3977 | D:6      | Found a hide-covered altar of Uskayaw.
  4000 | D:6      | Noticed Felix's ghost (amateur GrEE)
  4015 | D:6      | Killed Felix's ghost
  4015 | D:6      | Reached **** piety under Lugonu
  4033 | D:6      | Reached skill level 1 in Shields
  4400 | D:6      | Found an iron altar of Okawaru.
  4478 | D:6      | Reached skill level 5 in Invocations
  4478 | D:6      | Gained mutation: You are mostly covered in sharp spines. [demonic ancestry]
  4478 | D:6      | Reached XP level 9. HP: 79/79 MP: 12/12
  4934 | D:7      | Found a staircase to the Ecumenical Temple.
  4943 | Temple   | Entered the Ecumenical Temple
  5695 | D:8      | You fall through a shaft!
  6165 | D:8      | Identified the Collected Works on the Virous Traveller
  6225 | D:8      | Reached skill level 5 in Armour
  6656 | D:9      | Reached skill level 5 in Shields
  6788 | D:9      | Got a fine scale mail
  6799 | D:9      | Identified the cursed +0 scale mail of Instinct {+Fly rF+ rN+} (You found it on level 9 of the Dungeon)
  6824 | D:9      | Found a staircase to the Lair.
  6890 | D:9      | Reached ***** piety under Lugonu
  6890 | D:9      | Gained mutation: You have a pair of horns on your head. [demonic ancestry]
  6890 | D:9      | Reached XP level 10. HP: 81/86 MP: 14/16
  6972 | D:9      | Noticed a deep elf mage
  6984 | D:9      | Killed a deep elf mage
  7263 | D:10     | Entered Level 10 of the Dungeon
  7542 | D:10     | Noticed a hill giant
  7556 | D:10     | Killed a hill giant
  7660 | D:10     | Reached skill level 10 in Invocations
  8117 | D:11     | Reached skill level 1 in Evocations
  8126 | D:11     | Reached XP level 11. HP: 64/92 MP: 15/18
  8167 | D:11     | Noticed a six-headed hydra
  8198 | D:11     | Killed a six-headed hydra
  8221 | D:11     | Noticed galech's ghost (journeyman DDFi)
  8331 | Lair:1   | Entered Level 1 of the Lair of Beasts
  8479 | Lair:1   | Reached skill level 5 in Axes
  9298 | Lair:2   | Found a hole to the Spider Nest.
  9431 | Lair:2   | Reached skill level 5 in Evocations
  9503 | Lair:2   | Noticed a catoblepas
  9977 | Lair:2   | Banished a catoblepas
  9977 | Lair:2   | Reached skill level 10 in Armour
  9977 | Lair:2   | Reached XP level 12. HP: 98/98 MP: 10/19
 10307 | Lair:3   | Noticed a seven-headed hydra
 10320 | Lair:3   | Killed a seven-headed hydra
 10320 | Lair:3   | Reached skill level 11 in Fighting
 10362 | Lair:3   | Noticed Snorg
 10385 | Lair:3   | Killed Snorg
 10400 | Lair:3   | Found a staircase to the Shoals.
 10524 | Lair:3   | Got a transparent robe
 10535 | Lair:3   | Identified the cursed +0 robe of Guneoz {+Blink Regen+ Int-4 Dex-4} (You found it on level 3 of the Lair of Beasts)
 10990 | Lair:4   | Reached skill level 12 in Fighting
 11045 | Lair:4   | Noticed a five-headed hydra
 11052 | Lair:4   | Banished a five-headed hydra
 11380 | Lair:4   | Reached skill level 13 in Fighting
 11873 | Lair:5   | Found a staircase to the Slime Pits.
 12523 | Lair:6   | Entered Level 6 of the Lair of Beasts
 12636 | Lair:5   | Reached skill level 14 in Fighting
 12636 | Lair:5   | Gained mutation: Your flesh is heat resistant. (rF+) [demonic ancestry]
 12636 | Lair:5   | Reached XP level 13. HP: 28/113 MP: 6/20
 12902 | Lair:6   | Reached ****** piety under Lugonu
 13537 | Lair:6   | Reached skill level 15 in Fighting
 13863 | Lair:6   | Found a burning altar of Makhleb.
 14669 | D:11     | Killed galech's ghost
 14669 | D:11     | Reached skill level 10 in Axes
 15018 | D:12     | Got a slimy iron ring
 15020 | D:12     | Identified the ring of Acoing Zali {*Contam rF+ Str+9 SInv Stlth+} (You found it on level 12 of the Dungeon)
 15107 | D:12     | Found a staircase to the Orcish Mines.
 15176 | D:12     | Found a roughly hewn altar of Beogh.
 15300 | Orc:1    | Entered Level 1 of the Orcish Mines
 15464 | Orc:1    | Found a burning altar of Makhleb.
 15776 | Orc:1    | Noticed Maurice
 15785 | Orc:1    | Killed Maurice
 15825 | Orc:2    | Entered Level 2 of the Orcish Mines
 15862 | Orc:2    | Reached XP level 14. HP: 95/123 MP: 12/21
 15978 | Orc:2    | Found a staircase to the Elven Halls.
 15989 | Orc:2    | Found a roughly hewn altar of Beogh.
 15990 | Orc:2    | Found Putog's Antique Weapon Shoppe.
 16207 | Orc:2    | Found Hikerem's Food Boutique.
 16243 | Orc:2    | Noticed Saint Roka
 16508 | Orc:2    | Found a roughly hewn altar of Beogh.
 16607 | Orc:2    | Found a roughly hewn altar of Beogh.
 16661 | Orc:2    | Found a roughly hewn altar of Beogh.
 16787 | Orc:2    | Killed Saint Roka
 16787 | Orc:2    | Reached skill level 16 in Fighting
 16812 | Orc:2    | Found Loack's Antique Armour Shoppe.
 16815 | Orc:2    | Found a roughly hewn altar of Beogh.
 16818 | Orc:2    | Found Doas's Antique Weapon Emporium.
 16826 | Orc:2    | Bought a brightly glowing chain mail for 218 gold pieces
 16840 | Orc:2    | Bought a runed plate armour for 667 gold pieces
 16850 | Orc:2    | Identified the +6 chain mail of Henotheism {*Corrode rPois rN+ SInv} (You bought it in a shop on level 2 of the Orcish Mines)
 17434 | Lair:6   | Found a gateway to Hell.
 18528 | D:13     | Got an encrusted chain mail
 18546 | D:13     | Identified the cursed +0 chain mail of Gompik Idim {*Corrode rElec rPois Str+7} (You found it on level 13 of the Dungeon)
 19130 | D:14     | You fall through a shaft!
 19130 | D:15     | Entered Level 15 of the Dungeon
 19329 | D:14     | Reached skill level 17 in Fighting
 19350 | D:14     | Found a shadowy altar of Dithmenos.
 19498 | D:14     | Reached XP level 15. HP: 134/134 MP: 20/22
 19779 | D:14     | Found a gate to the Vaults.
 20594 | D:15     | Found a staircase to the Depths.
 20885 | Spider:1 | Entered Level 1 of the Spider Nest
 21066 | Spider:1 | Noticed Agnes
 21087 | Spider:1 | Killed Agnes
 21826 | Spider:2 | Reached skill level 18 in Fighting
 22084 | Shoals:1 | Entered Level 1 of the Shoals
 22213 | Shoals:1 | Noticed a kraken
 22396 | Shoals:1 | Noticed Donald
 22416 | Shoals:1 | HP: 2/136 [Donald/broad axe of electrocution (18)]
 22416 | Shoals:1 | Demolished by Donald

Skill      XL: |  1  2  3  4  5  6  7  8  9 10 11 12 13 14 15 |
---------------+----------------------------------------------+-----
Fighting       | 4 5 7 8 9 10 14 15 17 18 | 18.1
Armour         | 3 5 8 10 | 10.1
Shields        | 2 5 |  5.1
Invocations    | 5 8 10 | 10.2
Axes           | 4 7 10 12 13 | 13.8
Evocations     | 1 5 |  5.1
Dodging        | |  0.8

Action                   |  1- 3 |  4- 6 |  7- 9 | 10-12 | 13-15 || total
-------------------------+-------+-------+-------+-------+-------++-------
Melee: Hand axe          |   132 |   238 |   350 |   703 |  1505 ||  2928
       Headbutt          |       |     8 |    67 |   154 |   433 ||   662
Throw: Tomahawk          |       |       |     3 |       |       ||     3
Invok: Depart the Abyss  |     1 |       |       |       |       ||     1
       Banish            |       |       |       |     4 |    10 ||    14
       Bend Space        |       |       |       |       |     1 ||     1
Evoke: Wand              |       |     3 |     4 |    33 |    27 ||    67
  Use: Potion            |     7 |     6 |     2 |     2 |     9 ||    26
       Scroll            |     6 |     3 |    12 |    18 |    14 ||    53
 Stab: Invisible         |     3 |       |       |       |       ||     3
       Paralysed         |       |       |       |    16 |       ||    16
  Eat: Bread ration      |     1 |       |     3 |     1 |     3 ||     8
       Meat ration       |       |     1 |       |     1 |     1 ||     3
       Pizza             |       |       |       |     9 |     2 ||    11
       Beef jerky        |       |       |       |     1 |     6 ||     7
       Royal jelly       |       |       |       |       |     1 ||     1
       Fruit             |       |       |       |       |     9 ||     9
Armor: Chain mail        |    93 |   203 |       |       |   540 ||   836
       Ring mail         |     9 |       |       |       |   186 ||   195
       Plate armour      |       |    53 |   275 |   582 |   151 ||  1061
Dodge: Dodged            |    54 |    65 |    62 |   213 |   564 ||   958
Block: Buckler           |    17 |    31 |    67 |   203 |   364 ||   682
